 Dungeon Crawl Stone Soup version 0.25-a0-404-gc1b5a34292 (webtiles) character file.

Game seed: 6496680841330489606, levelgen mode: deterministic

46 FessEmpty the Firebug (level 3, -4/19 HPs)
             Began as a Deep Elf Fire Elementalist on Jan 11, 2020.
             Engulfed by a cloud of flame (23 damage)
             ... on level 2 of the Dungeon.
             The game lasted 00:05:04 (1572 turns).

FessEmpty the Firebug (Deep Elf Fire Elementalist)  Turns: 1572, Time: 00:05:05

Health: -4/19      AC:  2    Str:  5    XL:     3   Next: 46%
Magic:  3/9        EV: 13    Int: 20    God:
Gold:   95         SH:  0    Dex: 15    Spells: 4/8 levels left

rFire    . . .     SeeInvis .   d - +0 dagger
rCold    . . .     Gourm    .   (no shield)
rNeg     . . .     Faith    .   a - +0 robe
rPois    .         Spirit   .   (no helmet)
rElec    .         Reflect  .   e - scarf {repulsion}
rCorr    .         Harm     .   (no gloves)
MR       .....                  (no boots)
Stlth    ++........             (no amulet)
HPRegen  0.06/turn              (no ring)
MPRegen  0.11/turn              (no ring)

@: repel missiles
A: no striking features
a: no special abilities


You were on level 2 of the Dungeon.
You were hungry.

You visited 1 branch of the dungeon, and saw 2 of its levels.

You collected 95 gold pieces.

Inventory:

Hand Weapons
 d - a +0 dagger (weapon)
Armour
 a - a +0 robe (worn)
 e - a scarf of repulsion (worn)
Scrolls
 f - a scroll of fear {unknown}
 g - 2 scrolls of teleportation {unknown}
 i - a scroll of amnesia {unknown}
 j - a scroll of enchant armour {unknown}
 k - a scroll of blinking {unknown}
Potions
 b - 2 potions of lignification {unknown}
 h - 2 potions of mutation {unknown}
 m - a potion of magic {unknown}
Comestibles
 c - 3 rations


   Skills:
 - Level 2.4 Dodging
 - Level 2.4 Stealth
 - Level 3.0 Spellcasting
 + Level 2.7 Conjurations
 + Level 4.2 Fire Magic


You had 4 spell levels left.
You knew the following spells:

 Your Spells              Type           Power        Failure   Level  Hunger
a - Foxfire               Conj/Fire      ###.         3%          1    None
b - Conjure Flame         Conj/Fire      ###.....     10%         3    ###....

Your spell library contained the following spells:

 Spells                   Type           Power        Failure   Level  Hunger
 Inner Flame              Hex/Fire       ##......     19%         3    ###....
 Sticky Flame             Conj/Fire      ###.....     32%         4    ####...
 Fireball                 Conj/Fire      ###.......   67%         5    ######.


Dungeon Overview and Level Annotations

Branches:
Dungeon (2/15)

Altars:


Message History

There is a stone staircase leading down here.
You climb downwards.
There is a stone staircase leading up here.
A kobold comes into view.
The kobold shouts!
The kobold throws a stone.
The stone hits you but does no damage.
You see here a stone.
Casting: Foxfire (safe; 3% risk of failure)
Confirm with . or Enter, or press ? or * to list all spells.
You conjure some foxfire!
The foxfire hits the kobold.
You kill the kobold!
Your foxfire dissipates!
Things that are here:
3 stones; a kobold corpse Magic restored.
A hobgoblin comes into view.
Casting: Foxfire (safe; 3% risk of failure)
Confirm with . or Enter, or press ? or * to list all spells.
You conjure some foxfire!
The hobgoblin shouts!
The foxfire hits the hobgoblin.
The hobgoblin is severely wounded.
Casting: Foxfire (safe; 3% risk of failure)
Confirm with . or Enter, or press ? or * to list all spells.
You conjure some foxfire!
The foxfire hits the hobgoblin.
You kill the hobgoblin!
Your foxfire dissipates!
You now have 85 gold pieces (gained 13).
f - a scroll labeled QYOGIGR GAAFEJIFUW You are feeling hungry.
Found a stone staircase leading down.
Found an escape hatch in the floor.
c - 3 rations (gained 1)
A bat comes into view.
Casting: Foxfire (safe; 3% risk of failure)
Confirm with . or Enter, or press ? or * to list all spells.
You conjure some foxfire!
The foxfire hits the bat.
The bat is moderately wounded.
Casting: Foxfire (safe; 3% risk of failure)
Confirm with . or Enter, or press ? or * to list all spells.
You conjure some foxfire!
The bat completely misses you. The bat hits you but does no damage.
The foxfire hits the bat.
You kill the bat!
k - a scroll labeled FEINNECYAX An adder comes into view.
Casting: Foxfire (safe; 3% risk of failure)
Confirm with . or Enter, or press ? or * to list all spells.
You conjure some foxfire!
The adder hisses angrily.
Casting: Foxfire (safe; 3% risk of failure)
Confirm with . or Enter, or press ? or * to list all spells.
You conjure some foxfire!
The foxfire hits the adder.
The adder is moderately wounded.
The foxfire hits the adder.
The adder is almost dead.
Casting: Foxfire (safe; 3% risk of failure)
Confirm with . or Enter, or press ? or * to list all spells.
You conjure some foxfire!
The foxfire hits the adder!
You kill the adder!
You start resting.
Your foxfire dissipates!
You start resting.
Magic restored.
You butcher the adder corpse.
l - 2 chunks of flesh You see here an adder skeleton. x2
Eating one of 2 chunks of flesh.
You eat one of the 2 chunks of flesh.
This raw flesh tastes terrible.
m - a metallic golden potion
Found a stone staircase leading down.
You now have 95 gold pieces (gained 10).
A ball python comes into view.
The ball python hisses angrily.
Casting: Foxfire (safe; 3% risk of failure)
Confirm with . or Enter, or press ? or * to list all spells.
You conjure some foxfire!
Casting: Foxfire (safe; 3% risk of failure)
Confirm with . or Enter, or press ? or * to list all spells.
You conjure some foxfire!
The foxfire hits the ball python.
You kill the ball python!
Casting: Foxfire (safe; 3% risk of failure)
Confirm with . or Enter, or press ? or * to list all spells.
Okay, then.
Memorise Conjure Flame, consuming 3 spell levels and leaving 4?
You start memorising the spell.
You continue memorising. x3
You finish memorising.
Spell assigned to 'b'.
You start resting.
The frilled lizard is too close now for your liking.
Casting: Foxfire (safe; 3% risk of failure)
Confirm with . or Enter, or press ? or * to list all spells.
You conjure some foxfire!
The foxfire hits the frilled lizard.
The frilled lizard is heavily wounded.
Casting: Foxfire (safe; 3% risk of failure)
Confirm with . or Enter, or press ? or * to list all spells.
You conjure some foxfire!
The frilled lizard misses you.
Casting: Foxfire (safe; 3% risk of failure)
Confirm with . or Enter, or press ? or * to list all spells.
Nothing appears to happen.
The foxfire hits the frilled lizard.
You kill the frilled lizard!
You start resting.
Magic restored.
Casting: Foxfire (safe; 3% risk of failure)
Confirm with . or Enter, or press ? or * to list all spells.
The fire begins to smolder!
The fire ignites!
Casting: Conjure Flame (safe; 11% risk of failure)
Confirm with . or Enter, or press ? or * to list all spells.
You miscast Conjure Flame.
You are very lightly contaminated with residual magic.
Wisps of smoke drift from your hands.
Casting: Conjure Flame (safe; 11% risk of failure)
Confirm with . or Enter, or press ? or * to list all spells.
The fire begins to smolder!
You smother the flame.
You start resting.
Your magical contamination has completely faded away.
You start resting.
Magic restored.
You butcher the frilled lizard corpse.
l - 2 chunks of flesh (gained 1)
You see here a frilled lizard skeleton. x2
A rat comes into view.
Casting: Conjure Flame (safe; 11% risk of failure)
Confirm with . or Enter, or press ? or * to list all spells.
You conjure some foxfire!
Casting: Foxfire (safe; 3% risk of failure)
Confirm with . or Enter, or press ? or * to list all spells.
You conjure some foxfire!
The foxfire hits the rat.
You kill the rat!
You start resting.
Your foxfire dissipates!
You start resting.
Magic restored.
Casting: Foxfire (safe; 3% risk of failure)
Confirm with . or Enter, or press ? or * to list all spells.
The fire begins to smolder!
You are feeling hungry.
You smother the flame.
Casting: Conjure Flame (safe; 11% risk of failure)
Confirm with . or Enter, or press ? or * to list all spells.
The fire begins to smolder!
You smother the flame.
Casting: Conjure Flame (safe; 11% risk of failure)
Confirm with . or Enter, or press ? or * to list all spells.
The fire begins to smolder!
You smother the flame.
You start resting.
Eating one of 2 chunks of flesh.
You eat one of the 2 chunks of flesh.
This raw flesh tastes terrible.
Magic restored.
Casting: Conjure Flame (safe; 11% risk of failure)
Confirm with . or Enter, or press ? or * to list all spells.
The fire begins to smolder!
Casting: Conjure Flame (safe; 11% risk of failure)
Confirm with . or Enter, or press ? or * to list all spells.
You conjure some foxfire!
You smother the flame.
You see here a ball python skeleton.
Your foxfire dissipates! x2
A kobold comes into view.
Casting: Foxfire (safe; 3% risk of failure)
Confirm with . or Enter, or press ? or * to list all spells.
You conjure some foxfire!
The kobold shouts!
The foxfire hits the kobold.
You kill the kobold!
Casting: Foxfire (safe; 3% risk of failure)
Confirm with . or Enter, or press ? or * to list all spells.
The fire begins to smolder!
Your foxfire dissipates!
The fire ignites!
Casting: Conjure Flame (safe; 10% risk of failure)
Confirm with . or Enter, or press ? or * to list all spells.
You don't have enough magic to cast that spell.
You start resting.
All of the chunks of flesh in your inventory have rotted away.
Magic restored.
Casting: Conjure Flame (safe; 10% risk of failure)
Confirm with . or Enter, or press ? or * to list all spells.
The fire begins to smolder!
The fire ignites!
Casting: Conjure Flame (safe; 10% risk of failure)
Confirm with . or Enter, or press ? or * to list all spells.
The fire begins to smolder!
You are feeling hungry.
The fire ignites!
You start resting.
Magic restored.
You see here a rat skeleton.
A worm comes into view.
You see here a scroll labeled OKOUHEU TITU.
Casting: Conjure Flame (safe; 10% risk of failure)
Confirm with . or Enter, or press ? or * to list all spells.
The fire begins to smolder!
Casting: Conjure Flame (safe; 10% risk of failure)
Confirm with . or Enter, or press ? or * to list all spells.
The fire ignites!
You are engulfed in blazing flames.
Ouch! That really hurt!
You die...

)# ############.#
####............##
..(...............
#..?.........#
#............#
##............# #.
#...÷...÷.....# #.
#.......@.....#
####.##.###...........
....>.#.#.............
........#.##..........
.....#..#. #...[......
.... #..# #..........
.....#..# #..........
.....##.# #...w......
# #....#+##


You could see a worm.

Vanquished Creatures
  An adder (D:2)
  A dart slug (D:1)
  A leopard gecko (D:1)
  4 bats
  3 giant cockroaches (D:1)
  4 hobgoblins
  4 kobolds
  2 ball pythons
  3 frilled lizards
  5 goblins (D:1)
  7 rats
35 creatures vanquished.

Vanquished Creatures (others)
  79 foxfires
79 creatures vanquished.

Grand Total: 114 creatures vanquished

Notes
Turn   | Place    | Note
-------+----------+-------------------------------------------
     0 | D:1      | FessEmpty the Deep Elf Fire Elementalist began the quest
                  | for the Orb.
     0 | D:1      | Reached XP level 1. HP: 10/10 MP: 6/6
   100 | D:1      | Reached XP level 2. HP: 9/15 MP: 0/8
   606 | D:1      | Reached skill level 4 in Fire Magic
   720 | D:1      | Reached XP level 3. HP: 19/19 MP: 4/9
  1215 | D:2      | Learned a level 3 spell: Conjure Flame
  1572 | D:2      | Engulfed by a cloud of flame

Levels and vault maps discovered:
D:1:      scummos_arrival_simple_fountains, layout_loops_ring
D:2:      minmay_angry_zag, layout_basic, first_ration

Skill      XL: |  1  2 |
---------------+-------+-----
Conjurations   | 2 |  2.7
Fire Magic     | 4 |  4.2
Dodging        | |  2.4
Stealth        | |  2.4
Spellcasting   | |  3.0

Action                   || total
-------------------------++-------
Melee: Dagger            ||     4
       Unarmed           ||     1
 Cast: Foxfire           ||    60
       Conjure Flame     ||    11
  Eat: Chunk             ||     2
Armor: Robe              ||     4
Dodge: Dodged            ||    23

Table legend:
 A = Non-vault XP
 B = Vault XP
 C = Vault XP percentage of total XP
 D = Non-vault monster count
 E = Vault monster count
 F = Vault count percentage of total count
                 A         B        C        D         E       F
            +---------+---------+-------+---------+---------+-------
      Total |      67 |       0 |   0.0 |      35 |       0 |   0.0
            +---------+---------+-------+---------+---------+-------
        D:1 |      45 |       0 |   0.0 |      27 |       0 |   0.0
        D:2 |      22 |       0 |   0.0 |       8 |       0 |   0.0
            +---------+---------+-------+---------+---------+-------
